 Dungeon Crawl Stone Soup version 0.14-a0-586-g2535b90 (webtiles) character file.

595 PolkaDot the Insei (level 6, 0/47 HPs)
             Began as a Demonspawn Monk on Nov 4, 2013.
             Was an Elder of Makhleb.
             Slain by a big kobold
             ... wielding a -1,+1 orcish club
              (3 damage)
             ... while paralysed by a potion of paralysis
             ... on Level 3 of the Dungeon.
             The game lasted 00:08:50 (2298 turns).

PolkaDot the Insei (Demonspawn Monk)                Turns: 2298, Time: 00:08:50

HP   0/47        AC  2     Str 12      XL: 6   Next: 65%
MP   5/5         EV  2     Int 11      God: Makhleb [****..]
Gold 168         SH  0     Dex 17      Spells:  0 memorised,  5 levels left

Res.Fire  : . . .   See Invis. : .     - Unarmed
Res.Cold  : . . .   Warding    : .   a - +0 robe
Life Prot.: . . .   Conserve   : .   (no shield)
Res.Poison: .       Res.Corr.  : .   (no helmet)
Res.Elec. : .       Clarity    : .   (no cloak)
Sust.Abil.: . .     Spirit.Shd : .   (no gloves)
Res.Mut.  : .       Stasis     : .   (no boots)
Res.Rott. : .       Flight     : .   (no amulet)
Saprovore : . . .                    (no ring)
                                     e - +0,+6 ring of slaying {unknown}

@: paralysed, slightly resistant to hostile enchantments, fairly stealthy
A: claws 2, hooves 1
a: Minor Destruction, Lesser Servant of Makhleb, Major Destruction, Renounce
Religion


You were on level 3 of the Dungeon.
You worshipped Makhleb.
Makhleb was greatly pleased with you.
You were hungry.

You visited 1 branch of the dungeon, and saw 3 of its levels.

You collected 168 gold pieces.

Inventory:

Armour
 a - a +0 robe (worn)
Comestibles
 b - 4 bread rations
 l - a sausage
Scrolls
 c - a scroll of teleportation {unknown}
 g - a scroll of enchant weapon II {unknown}
 j - 7 scrolls of identify {unknown}
 k - 2 scrolls of fog {unknown}
 n - a scroll of curse jewellery {unknown}
 o - a scroll of noise {unknown}
 p - a scroll of fear {unknown}
 q - a scroll of enchant weapon I {unknown}
 r - a scroll of recharging {unknown}
 t - a scroll of curse armour {unknown}
 v - 3 scrolls of enchant armour {unknown}
Jewellery
 e - a +0,+6 ring of slaying (left claw) {unknown}
 f - an uncursed ring of protection from cold {unknown}
 s - an uncursed ring of sustain abilities {unknown}
Potions
 d - 2 potions of curing
 h - a potion of restore abilities {unknown}
 i - a potion of paralysis


   Skills:
 + Level 4.5 Fighting
 + Level 4.1 Dodging
 - Level 1.7 Stealth
 * Level 5.7 Unarmed Combat


You had 5 spell levels left.
You didn't know any spells.

Dungeon Overview and Level Annotations

Branches:
Dungeon (3/27)

Altars:
Elyvilon
Makhleb


Innate Abilities, Weirdness & Mutations

You have very sharp fingernails.
You have large cloven feet.


Message History

* * * LOW HITPOINT WARNING * * *
The kobold barely misses you.
You are too injured to fight recklessly!
You are too injured to fight recklessly!
Drink which item? (? for menu, Esc to quit)
You feel better.
It was a potion of curing.
The gnoll hits you with a club. The big kobold closely misses you.
Drink which item? (? for menu, Esc to quit)
You suddenly lose the ability to move!
It was a potion of paralysis.
You are feeling hungry.
The gnoll hits you with a club.
The big kobold hits you with a runed dagger.
The big kobold hits you with an orcish club.
* * * LOW HITPOINT WARNING * * *
The big kobold hits you but does no damage.
All of the chunks of flesh in your inventory have completely rotted away.
The gnoll hits you with a club!
* * * LOW HITPOINT WARNING * * *
The big kobold hits you with an orcish club.
You die...

#####
#$g$###############
#gKK#..............
#KKg#......).......
#@##...(..(....(..
#......########...
#......# #...
#......########...
#+##..............
#......(.......
#.............. ≈
###############
≈≈#####≈≈≈≈≈≈≈≈≈≈≈≈≈≈


You could see 2 big kobolds, 2 gnolls, a hobgoblin and 2 kobolds.

Vanquished Creatures
  3 big kobolds (D:3)
  A crimson imp (D:2)
  9 adders
  3 giant geckos
  3 oozes
  3 orcs (D:3)
  A ball python (D:2)
  3 bats
  2 giant cockroaches
  6 goblins
  12 hobgoblins
  8 jackals
  41 kobolds
  3 quokkas
  3 giant newts
  9 rats
110 creatures vanquished.

Notes
Turn   | Place    | Note
--------------------------------------------------------------
     0 | D:1      | PolkaDot, the Demonspawn Monk, began the quest for the Orb.
     0 | D:1      | Reached XP level 1. HP: 16/16 MP: 0/0
   214 | D:1      | Gained mutation: You have large cloven feet. [demonic ancestry]
   214 | D:1      | Reached XP level 2. HP: 15/22 MP: 1/1
   561 | D:1      | Reached skill level 4 in Unarmed Combat
   625 | D:2      | Gained mutation: You have sharp fingernails. [demonic ancestry]
   625 | D:2      | Reached XP level 3. HP: 25/28 MP: 2/2
   966 | D:2      | Found a burning altar of Makhleb.
   976 | D:2      | Reached XP level 4. HP: 30/34 MP: 3/3
   982 | D:2      | Became a worshipper of Makhleb the Destroyer
   982 | D:2      | Acquired Makhleb's first power
   982 | D:2      | Acquired Makhleb's second power
  1237 | D:2      | Found a white marble altar of Elyvilon.
  1547 | D:3      | Gained mutation: You have very sharp fingernails. [demonic ancestry]
  1547 | D:3      | Reached XP level 5. HP: 38/40 MP: 4/4
  1603 | D:3      | Acquired Makhleb's third power
  1860 | D:3      | Reached skill level 5 in Unarmed Combat
  2137 | D:3      | Noticed a big kobold
  2146 | D:3      | Killed a big kobold
  2146 | D:3      | Reached XP level 6. HP: 41/47 MP: 5/5
  2158 | D:3      | Acquired Makhleb's fourth power
  2286 | D:3      | Noticed a big kobold
  2286 | D:3      | Noticed a big kobold
  2286 | D:3      | Noticed a big kobold
  2286 | D:3      | Noticed a big kobold
  2289 | D:3      | Killed a big kobold
  2293 | D:3      | Killed a big kobold
  2296 | D:3      | Paralysed by a potion of paralysis for 3 turns
  2298 | D:3      | Slain by a big kobold

Action                   |  1- 3 |  4- 6 || total
-------------------------+-------+-------++-------
Melee: Unarmed           |    77 |   142 ||   219
  Use: Potion            |       |     2 ||     2
 Stab: Sleeping          |     4 |     1 ||     5
       Distracted        |     1 |     1 ||     2
